 Dungeon Crawl Stone Soup version 0.31-a0-202-g547052bce9 (webtiles) character file.

Game seed: 7877429489841636334

48 qw the Shooter (level 3, 0/20 HPs)
             Began as a Deep Elf Hunter on June 26, 2023.
             Succumbed to their own poison gas
             ... on level 2 of the Dungeon.
             The game lasted 00:00:25 (1468 turns).

qw the Shooter (Deep Elf Hunter)                    Turns: 1468, Time: 00:00:25

Health: 0/20       AC:  5    Str: 10    XL:     3   Next: 50%
Magic:  5/5        EV: 26    Int: 13    God:
Gold:   86         SH:  0    Dex: 18    Spells: 2/2 levels left

rFire   . . .        Y - +0 shortbow
rCold   . . .        (shield currently unavailable)
rNeg    . . .        j - +0 ring mail
rPois   .            (no helmet)
rElec   .            (no cloak)
rCorr   .            (no gloves)
SInv    .            (no boots)
Will    .....        i - amulet of the acrobat
Stlth   +            (no ring)
HPRegen 0.23/turn    (no ring)
MPRegen 0.09/turn

%: acrobat
@: lethally poisoned (0 -> -2), acrobatic
A: no striking features
a: no special abilities


You were on level 2 of the Dungeon.
You visited 1 branch of the dungeon, and saw 2 of its levels.

You collected 86 gold pieces.


   Skills:
 - Level 1.5 Fighting
 + Level 7.0 Ranged Weapons
 - Level 2.4 Dodging
 - Level 1.2 Stealth


You had 2 spell levels left.
You didn't know any spells.
Your spell library was empty.

Inventory:

Hand Weapons
 Y - a +0 shortbow (weapon)
Armour
 j - a +0 ring mail (worn)
Jewellery
 i - an amulet of the acrobat (around neck)
Scrolls
 c - 2 scrolls of teleportation
Potions
 b - a potion of berserk rage {unknown}
 e - a potion of heal wounds
 g - a potion of curing {unknown}

Dungeon Overview and Level Annotations

Branches:
Dungeon (2/15)

Altars:


Message History

Done exploring.
1458 ||| DRINKING 2 bubbling golden potions.
It was a potion of heal wounds.
You feel much better.
Done exploring.
(D) Dungeon
Where to? (* - list waypoints, Enter - D:2, ? - help)
What level of the Dungeon? (default 1, ? - help) Sorry, I don't know how to get there.
Enter note:
Enter note:
Enter note:
Enter note:
Enter note:
Enter note:
Enter note:
Enter note:
Enter note: Really walk into that cloud of poison gas?
You are engulfed in poison gas.
You are lethally poisoned!
You feel very sick.
1460 ||| Stepping ~*~*~tactically~*~*~ (cloud).
You feel very sick.
You see here a +0 scale mail.
There is a lethal amount of poison in your body!
You feel very sick.
There is a lethal amount of poison in your body!
You feel sick.
There is a lethal amount of poison in your body!
You feel sick.
There is a lethal amount of poison in your body!
You feel sick.
There is a lethal amount of poison in your body!
You feel sick.
There is a lethal amount of poison in your body!
You feel sick.
There is a lethal amount of poison in your body!
You feel sick.
There is a lethal amount of poison in your body!
You die...

######## ##........#.#####.#.#..
#......# ########.#.#.......#..
#.....)############.#.#.###.###..
'......'.........................
#......############.....##..####.
#......# ###########.......
#......# #0...........#####
#......# ##0########........
###############¤@0..00¤0.....####
..............#¤¤########.#......
#############.#¤.# ####.#..####
#.#..# #....#...#.. #.#####
#....##..#.. #### #.....#
#....'...... ...# #####.#
#....##..... ##.#
#####.####....###.#.# ##.#
#.......#########....


There were no monsters in sight!

Vanquished Creatures
  2 adders (D:2)
  2 dart slugs
  3 ball pythons (D:1)
  An endoplasm (D:1)
  3 giant cockroaches
  A goblin (D:1)
  3 hobgoblins
  2 jackals (D:1)
  4 bats
  2 frilled lizards (D:2)
  2 rats (D:1)
25 creatures vanquished.

Notes
Turn   | Place    | Note
-------+----------+-------------------------------------------
     0 | D:1      | qw the Deep Elf Hunter began the quest for the Orb.
     0 | D:1      | Reached XP level 1. HP: 12/12 MP: 3/3
     0 | D:1      | 0 ||| qw: Version: 0.3-a-22-g0ed2b0b
     0 | D:1      | 0 ||| qw: Game counter: 5982
     0 | D:1      | 0 ||| qw: Melee chars always use a shield: true
     0 | D:1      | 0 ||| qw: God list: Okawaru
     0 | D:1      | 0 ||| qw: Allow faded altars: false
     0 | D:1      | 0 ||| qw: Do Orc after clearing Dungeon:15 true
     0 | D:1      | 0 ||| qw: Do second Lair branch before Depths: true
     0 | D:1      | 0 ||| qw: Lair rune preference: random
     0 | D:1      | 0 ||| qw: Goals: Normal
     0 | D:1      | 0 ||| PLANNING D:1-11
   143 | D:1      | Reached skill level 6 in Ranged Weapons
   143 | D:1      | Reached XP level 2. HP: 16/16 MP: 4/4
   364 | D:1      | Found a faded altar of an unknown god.
   400 | D:1      | 400 ||| FLEEEEING.
   651 | D:1      | 651 ||| UPGRADING to +0 scale mail.
   661 | D:1      | 661 ||| DROPPING +0 leather armour.
   662 | D:1      | 662 ||| READING scroll labelled CEUTU MORUUCUL.
   666 | D:1      | 666 ||| DROPPING scroll of butterflies.
  1119 | D:2      | Reached XP level 3. HP: 11/20 MP: 5/5
  1241 | D:2      | Reached skill level 7 in Ranged Weapons
  1438 | D:2      | 1438 ||| UPGRADING to +0 ring mail.
  1448 | D:2      | 1448 ||| DROPPING +0 scale mail.
  1449 | D:2      | 1449 ||| UPGRADING to amulet of the acrobat.
  1454 | D:2      | 1454 ||| READING scroll labelled XIOG FANAELOZA.
  1455 | D:2      | 1455 ||| READING scroll labelled NIAHY YNWO MIHYEB.
  1456 | D:2      | 1456 ||| READING scroll labelled VEFOEKHLEBRI.
  1457 | D:2      | 1457 ||| READING scroll labelled DUZIUP DAZ.
  1458 | D:2      | 1458 ||| DRINKING 2 bubbling golden potions.
  1460 | D:2      | 1460 ||| Stepping ~*~*~tactically~*~*~ (cloud).
  1463 | D:2      | HP: 5/20 [poisoned by you (poison gas)]
  1465 | D:2      | HP: 2/20 [poisoned by you (poison gas)]
  1468 | D:2      | Succumbed to their own poison gas

Levels and vault maps discovered:
D:1:      kennysheep_arrival_seaside, layout_loops_ring,
          shapermc_ecumenical_altar_ellora, kennysheep_another_room
D:2:      layout_basic

Skill      XL: |  1  2  3 |
---------------+----------+-----
Ranged Weapons | 6 7 |  7.0
Fighting       | |  1.5
Dodging        | |  2.4
Stealth        | |  1.2

Action                     || total
---------------------------++-------
   Fire: Shortbow          ||    69
    Use: Scroll            ||     5
         Potion            ||     1
 Armour: Scale mail        ||    22
  Dodge: Dodged            ||    19

Table legend:
 A = Non-vault XP
 B = Vault XP
 C = Vault XP percentage of total XP
 D = Non-vault monster count
 E = Vault monster count
 F = Vault count percentage of total count
                 A         B        C        D         E       F
            +---------+---------+-------+---------+---------+-------
      Total |      69 |       0 |   0.0 |      25 |       0 |   0.0
            +---------+---------+-------+---------+---------+-------
        D:1 |      30 |       0 |   0.0 |      17 |       0 |   0.0
        D:2 |      39 |       0 |   0.0 |       8 |       0 |   0.0
            +---------+---------+-------+---------+---------+-------
